TOP OF THE 1ST |
Grand Junction Rockies batting - Pitching for Kingsport Mets : RHP Pat Sprague
|
Pitching: RHP Pat Sprague
|
|
Batting: LHB Daniel Green
|
0-0: Called Strike 0-1: Ball 1-1: Ball 2-1: Ball 3-1: Base on Balls
|
Batting: RHB Chris Osting
|
0-0: Called Strike Daniel Green steals 2nd, throwing error, E2 Daniel Green to third 0-1: Ball 1-1: Fly out, F7 (Flyball, 7, EV 91.2 MPH)
|
Batting: RHB Ray Insley
|
0-0: Foul Ball, location: 2F 0-1: Ball 1-1: Swinging Strike 1-2: Strikes out looking
|
Batting: RHB T.J. Williams
|
0-0: TRIPLE (Line Drive, 9D, EV 110.0 MPH) Daniel Green scores
|
Batting: RHB Matviy Oliynyk
|
0-0: Fly out, F9 (Flyball, 9D, EV 100.6 MPH)
|
Top of the 1st over - 1 run, 1 hit, 1 error, 1 left on base; Grand Junction 1 - Kingsport 0 |
BOTTOM OF THE 1ST |
Kingsport Mets batting - Pitching for Grand Junction Rockies : RHP Logan Ramsey
|
Pitching: RHP Logan Ramsey
|
|
Batting: RHB Michael Youngberry
|
0-0: Ball 1-0: Called Strike 1-1: Foul Ball, location: 2F 1-2: Ball 2-2: Foul Ball, location: 2F 2-2: Ball 3-2: Base on Balls
|
Batting: SHB Nick Daigle
|
0-0: Called Strike 0-1: Ball 1-1: Ball 2-1: Called Strike Michael Youngberry is caught stealing 2nd base 2-6 2-2: SINGLE (Line Drive, 4D, EV 94.4 MPH)
|
Batting: LHB Dan Bremseth
|
0-0: Ball 1-0: Foul Ball, location: 2F 1-1: Foul Ball, location: 2F 1-2: Fly out, F8 (Flyball, 8LM, EV 91.2 MPH)
|
Batting: RHB Mike Hanks
|
0-0: Ball 1-0: Swinging Strike 1-1: Ball 2-1: Foul Ball, location: 2F 2-2: 2-RUN HOME RUN (Flyball, 9LD, EV 93.8 MPH), Distance : 329 ft
|
Batting: RHB Jake Geib
|
0-0: Ball 1-0: Swinging Strike 1-1: Called Strike 1-2: Ground out 6-3 (Groundball, 6MD, EV 80.6 MPH)
|
Bottom of the 1st over - 2 runs, 2 hits, 0 errors, 0 left on base; Grand Junction 1 - Kingsport 2 |
TOP OF THE 2ND |
Grand Junction Rockies batting - Pitching for Kingsport Mets : RHP Pat Sprague
|
Batting: RHB Willie Benito
|
0-0: Called Strike 0-1: Foul Ball, location: 2F 0-2: Ball 1-2: Foul Ball, location: 2F 1-2: Strikes out swinging
|
Batting: SHB Craig Ruzic
|
0-0: Called Strike 0-1: Fly out, F9 (Flyball, 9D, EV 111.2 MPH)
|
Batting: SHB Justin Jackson
|
0-0: Called Strike 0-1: SINGLE (Groundball, 4MD, EV 106.2 MPH)
|
Batting: RHB Yamashita Yagi
|
0-0: Ball 1-0: Swinging Strike 1-1: Foul Ball, location: 2F 1-2: DOUBLE (Groundball, 5L, EV 103.8 MPH) Justin Jackson to third
|
Batting: LHB Daniel Green
|
0-0: Called Strike 0-1: Ground out 6-3 (Groundball, 6MS, EV 71.2 MPH)
|
Top of the 2nd over - 0 runs, 2 hits, 0 errors, 2 left on base; Grand Junction 1 - Kingsport 2 |
BOTTOM OF THE 2ND |
Kingsport Mets batting - Pitching for Grand Junction Rockies : RHP Logan Ramsey
|
Batting: SHB Jerry Burrows
|
0-0: Ball 1-0: Ground out 6-3 (Groundball, 4, EV 106.9 MPH)
|
Batting: RHB Larry Shoop
|
0-0: Ball 1-0: Swinging Strike 1-1: Foul Ball, location: 2F 1-2: DOUBLE (Line Drive, 89D, EV 111.2 MPH)
|
Batting: SHB Keith Casner
|
0-0: Ball 1-0: Ball 2-0: Ball 3-0: Called Strike 3-1: DOUBLE (Flyball, 89D, EV 91.9 MPH) Larry Shoop scores
|
Batting: RHB Sam Callahan
|
0-0: Ball 1-0: Called Strike 1-1: Swinging Strike 1-2: Foul Ball, location: 2F 1-2: Fly out, F7 (Flyball, 7LD, EV 109.4 MPH)
|
Batting: RHB Michael Youngberry
|
0-0: Ball 1-0: Swinging Strike 1-1: Swinging Strike 1-2: Ball 2-2: Foul Ball, location: 2F 2-2: Foul Ball, location: 2F 2-2: DOUBLE (Line Drive, 78M, EV 87.5 MPH) Keith Casner scores
|
Batting: SHB Nick Daigle
|
0-0: DOUBLE (Groundball, 5L, EV 104.4 MPH) Michael Youngberry scores
|
Batting: LHB Dan Bremseth
|
0-0: Ball 1-0: Foul Ball, location: 2F 1-1: SINGLE (Groundball, 4D, EV 107.5 MPH) Nick Daigle to third Runner from 3rd tries for Home, SAFE, throw by CF to home Dan Bremseth to second
|
Pitching: RHP Ricardo Roman
|
|
Batting: RHB Mike Hanks
|
0-0: Ball Wild Pitch! Dan Bremseth to third 1-0: Swinging Strike 1-1: DOUBLE (Line Drive, 89M, EV 105.6 MPH) Dan Bremseth scores
|
Batting: RHB Jake Geib
|
0-0: Called Strike 0-1: Ball 1-1: Ball 2-1: Ball 3-1: Called Strike 3-2: Strikes out swinging
|
Bottom of the 2nd over - 5 runs, 6 hits, 0 errors, 1 left on base; Grand Junction 1 - Kingsport 7 |
TOP OF THE 3RD |
Grand Junction Rockies batting - Pitching for Kingsport Mets : RHP Pat Sprague
|
Batting: RHB Chris Osting
|
0-0: Called Strike 0-1: Ball 1-1: Ground out 6-3 (Groundball, 6, EV 82.5 MPH)
|
Batting: RHB Ray Insley
|
0-0: Ball 1-0: Ball 2-0: Called Strike 2-1: Ball 3-1: SINGLE (Groundball, 56D, EV 99.4 MPH)
|
Batting: RHB T.J. Williams
|
0-0: Ball 1-0: Grounds into double play, 4-6-3 (Groundball, 34, EV 100.6 MPH)
|
Top of the 3rd over - 0 runs, 1 hit, 0 errors, 0 left on base; Grand Junction 1 - Kingsport 7 |
BOTTOM OF THE 3RD |
Kingsport Mets batting - Pitching for Grand Junction Rockies : RHP Ricardo Roman
|
Batting: SHB Jerry Burrows
|
0-0: Foul Ball, location: 2F 0-1: Foul Ball, location: 2F 0-2: Foul Ball, location: 2F 0-2: Ball 1-2: Ball 2-2: Ball 3-2: Base on Balls
|
Batting: RHB Larry Shoop
|
0-0: Foul Ball, location: 2F 0-1: Called Strike 0-2: Ball 1-2: Foul Ball, location: 2F 1-2: Ball 2-2: Ball 3-2: Base on Balls Jerry Burrows to second
|
Batting: SHB Keith Casner
|
0-0: Called Strike 0-1: Ball 1-1: 3-RUN HOME RUN (Flyball, 89XD, EV 103.1 MPH), Distance : 413 ft
|
Batting: RHB Sam Callahan
|
0-0: Called Strike 0-1: Swinging Strike 0-2: Foul Ball, location: 2F 0-2: Ball 1-2: Ball 2-2: Foul Ball, location: 2F 2-2: Foul Ball, location: 2F 2-2: Ball 3-2: Foul Ball, location: 2F 3-2: Strikes out swinging
|
Pitching: RHP Josh Blaschke
|
|
Batting: RHB Michael Youngberry
|
0-0: Ball 1-0: Called Strike 1-1: Called Strike 1-2: Foul Ball, location: 2F 1-2: Foul Ball, location: 2F 1-2: Strikes out swinging
|
Batting: SHB Nick Daigle
|
0-0: Ball 1-0: Called Strike 1-1: Ball 2-1: Ball 3-1: Base on Balls
|
Batting: LHB Dan Bremseth
|
0-0: Ball 1-0: Foul Ball, location: 2F 1-1: Fly out, F4 (Popup, 4, EV 58.1 MPH)
|
Bottom of the 3rd over - 3 runs, 1 hit, 0 errors, 1 left on base; Grand Junction 1 - Kingsport 10 |
TOP OF THE 4TH |
Grand Junction Rockies batting - Pitching for Kingsport Mets : RHP Pat Sprague
|
Batting: RHB Matviy Oliynyk
|
0-0: Swinging Strike 0-1: Ball 1-1: Swinging Strike 1-2: Ball 2-2: Foul Ball, location: 2F 2-2: Foul Ball, location: 2F 2-2: Foul Ball, location: 2F 2-2: SINGLE (Groundball, 4MD, EV 101.2 MPH)
|
Batting: RHB Willie Benito
|
0-0: Ball 1-0: Foul Ball, location: 2F 1-1: Called Strike 1-2: Ball 2-2: Ball 3-2: Base on Balls Matviy Oliynyk to second
|
Batting: SHB Craig Ruzic
|
0-0: Called Strike 0-1: Ball 1-1: Ball 2-1: Ball 3-1: Called Strike 3-2: Base on Balls Matviy Oliynyk to third Willie Benito to second
|
Batting: SHB Justin Jackson
|
0-0: Ball 1-0: Ball 2-0: Foul Ball, location: 2F 2-1: Foul Ball, location: 2F 2-2: Foul Ball, location: 2F 2-2: SINGLE (Line Drive, 7S, EV 93.8 MPH) Matviy Oliynyk scores Willie Benito to third Craig Ruzic to second
|
Batting: RHB Yamashita Yagi
|
0-0: SINGLE (Groundball, 6MD, EV 105.0 MPH) Willie Benito scores Craig Ruzic to third Justin Jackson to second Runner from 3rd tries for Home, SAFE, throw by CF to home
|
Batting: LHB Daniel Green
|
0-0: Ball 1-0: Ball 2-0: Ball 3-0: Base on Balls Justin Jackson to third Yamashita Yagi to second
|
Batting: RHB Chris Osting
|
0-0: Fielders Choice at 2nd, 4-6 (Groundball, 4, EV 77.5 MPH) Justin Jackson scores Yamashita Yagi to third
|
Batting: RHB Ray Insley
|
0-0: Ball Chris Osting steals 2nd base 1-0: Swinging Strike 1-1: DOUBLE (Groundball, 5L, EV 110.6 MPH) Yamashita Yagi scores Chris Osting scores
|
Pitching: RHP Jose Herrera
|
|
Batting: RHB T.J. Williams
|
0-0: Called Strike 0-1: Ball 1-1: Ball 2-1: Ball 3-1: Ground out 4-3 (Groundball, 4, EV 91.2 MPH) Ray Insley to third
|
Batting: RHB Matviy Oliynyk
|
0-0: Called Strike 0-1: Fly out, F8 (Flyball, 8RM, EV 88.8 MPH)
|
Top of the 4th over - 6 runs, 4 hits, 0 errors, 1 left on base; Grand Junction 7 - Kingsport 10 |
BOTTOM OF THE 4TH |
Kingsport Mets batting - Pitching for Grand Junction Rockies : RHP Josh Blaschke
|
Batting: RHB Mike Hanks
|
0-0: Ball 1-0: Called Strike 1-1: Foul Ball, location: 2F 1-2: Fly out, F4 (Popup, 4S, EV 73.8 MPH)
|
Batting: RHB Jake Geib
|
0-0: Ball 1-0: Ball 2-0: Ball 3-0: Called Strike 3-1: Called Strike 3-2: Fly out, F8 (Flyball, 8LM, EV 78.8 MPH)
|
Pitching: RHP Zi-cheng Zhou
|
|
Batting: SHB Jerry Burrows
|
0-0: SINGLE (Line Drive, 6D, EV 101.9 MPH)
|
Batting: RHB Larry Shoop
|
0-0: Ball 1-0: Called Strike Balk! Jerry Burrows to second 1-1: 2-RUN HOME RUN (Flyball, 7D, EV 101.9 MPH), Distance : 384 ft
|
Batting: SHB Keith Casner
|
0-0: Foul Ball, location: 2F 0-1: Ball 1-1: Ball 2-1: Called Strike 2-2: Ball 3-2: Base on Balls
|
Batting: RHB Sam Callahan
|
0-0: Ball 1-0: Called Strike 1-1: Called Strike 1-2: Strikes out swinging
|
Bottom of the 4th over - 2 runs, 2 hits, 0 errors, 1 left on base; Grand Junction 7 - Kingsport 12 |
TOP OF THE 5TH |
Grand Junction Rockies batting - Pitching for Kingsport Mets : RHP Jose Herrera
|
Batting: RHB Willie Benito
|
0-0: Foul Ball, location: 2F 0-1: Foul Ball, location: 2F 0-2: Ball 1-2: DOUBLE (Groundball, 5L, EV 107.5 MPH)
|
Batting: SHB Craig Ruzic
|
0-0: Ground out 5-3 (Groundball, 56, EV 85.0 MPH)
|
Batting: SHB Justin Jackson
|
0-0: Ball 1-0: Ball 2-0: Called Strike 2-1: Called Strike 2-2: Ground out 1-3 (Groundball, 13S, EV 66.9 MPH) Willie Benito to third
|
Batting: RHB Yamashita Yagi
|
0-0: Swinging Strike 0-1: Fly out, F9 (Flyball, 9D, EV 84.4 MPH)
|
Top of the 5th over - 0 runs, 1 hit, 0 errors, 1 left on base; Grand Junction 7 - Kingsport 12 |
BOTTOM OF THE 5TH |
Kingsport Mets batting - Pitching for Grand Junction Rockies : RHP Zi-cheng Zhou
|
Batting: RHB Michael Youngberry
|
0-0: Swinging Strike 0-1: Foul Ball, location: 2F 0-2: Foul Ball, location: 2F 0-2: Ball 1-2: Foul Ball, location: 2F 1-2: Ball 2-2: Strikes out swinging
|
Pitching: RHP Bobby Servin
|
|
Batting: SHB Nick Daigle
|
0-0: Fly out, F8 (Line Drive, 8RD, EV 98.1 MPH)
|
Batting: LHB Dan Bremseth
|
0-0: Ball 1-0: Swinging Strike 1-1: Swinging Strike 1-2: Foul Ball, location: 2F 1-2: Ball 2-2: Foul Ball, location: 2F 2-2: Ball 3-2: Strikes out swinging
|
Bottom of the 5th over - 0 runs, 0 hits, 0 errors, 0 left on base; Grand Junction 7 - Kingsport 12 |
TOP OF THE 6TH |
Grand Junction Rockies batting - Pitching for Kingsport Mets : RHP Jose Herrera
|
Pitching: LHP Jesus Espitia
|
|
Batting: LHB Daniel Green
|
0-0: Called Strike 0-1: Called Strike 0-2: Foul Ball, location: 2F 0-2: Ball 1-2: Ball 2-2: Ball 3-2: Ground out 4-3 (Groundball, 4M, EV 105.0 MPH)
|
Batting: RHB Chris Osting
|
0-0: Called Strike 0-1: Called Strike 0-2: SOLO HOME RUN (Flyball, 7D, EV 106.2 MPH), Distance : 384 ft
|
Batting: RHB Ray Insley
|
0-0: Ball 1-0: Ground out 2-3 (Groundball, 2R, EV 62.5 MPH)
|
Batting: RHB T.J. Williams
|
0-0: Called Strike 0-1: Ball 1-1: Foul Ball, location: 2F 1-2: Ball 2-2: Foul Ball, location: 2F 2-2: Ground out 4-3 (Groundball, 34, EV 77.5 MPH)
|
Top of the 6th over - 1 run, 1 hit, 0 errors, 0 left on base; Grand Junction 8 - Kingsport 12 |
BOTTOM OF THE 6TH |
Kingsport Mets batting - Pitching for Grand Junction Rockies : RHP Bobby Servin
|
Batting: RHB Mike Hanks
|
0-0: Ball 1-0: Ball 2-0: Called Strike 2-1: Ground out 6-3 (Groundball, 6, EV 88.8 MPH)
|
Batting: RHB Jake Geib
|
0-0: Ball 1-0: Called Strike 1-1: Swinging Strike 1-2: Ball 2-2: Strikes out looking
|
Pitching: RHP Don Carriere
|
|
Batting: SHB Jerry Burrows
|
0-0: Ball 1-0: Ball 2-0: Ball 3-0: Called Strike 3-1: Base on Balls
|
Batting: RHB Larry Shoop
|
0-0: Ball 1-0: Ball 2-0: Ball 3-0: Base on Balls Jerry Burrows to second
|
Batting: SHB Keith Casner
|
0-0: Ball 1-0: 3-RUN HOME RUN (Flyball, 7D, EV 94.4 MPH), Distance : 384 ft
|
Batting: RHB Sam Callahan
|
0-0: Foul Ball, location: 2F 0-1: SINGLE (Line Drive, 9S, EV 89.4 MPH)
|
Batting: RHB Michael Youngberry
|
0-0: Ball 1-0: Called Strike 1-1: Ball 2-1: 2-RUN HOME RUN (Flyball, 9D, EV 96.9 MPH), Distance : 382 ft
|
Pitching: LHP Josh Alvarez
|
|
Batting: SHB Nick Daigle
|
0-0: Called Strike 0-1: Ball 1-1: Called Strike 1-2: Strikes out swinging
|
Bottom of the 6th over - 5 runs, 3 hits, 0 errors, 0 left on base; Grand Junction 8 - Kingsport 17 |
TOP OF THE 7TH |
Grand Junction Rockies batting - Pitching for Kingsport Mets : LHP Jesus Espitia
|
Batting: RHB Matviy Oliynyk
|
0-0: Foul Ball, location: 2F 0-1: SOLO HOME RUN (Flyball, 8LXD, EV 114.4 MPH), Distance : 457 ft
|
Batting: RHB Willie Benito
|
0-0: Called Strike 0-1: Called Strike 0-2: Ball 1-2: Ball 2-2: Ball 3-2: Foul Ball, location: 2F 3-2: Base on Balls
|
Pinch Hitting: RHB Zakhar Edelman
|
0-0: Called Strike 0-1: Foul Ball, location: 2F 0-2: Strikes out swinging
|
Batting: SHB Justin Jackson
|
0-0: Ball 1-0: DOUBLE (Flyball, 8LXD, EV 98.8 MPH) Willie Benito to third Runner from 3rd tries for Home, SAFE, no throw by CF
|
Batting: RHB Yamashita Yagi
|
0-0: Called Strike 0-1: Ball 1-1: Foul Ball, location: 2F 1-2: Foul Ball, location: 2F 1-2: Ground out 6-3 (Groundball, 6, EV 86.2 MPH)
|
Batting: LHB Daniel Green
|
0-0: Ball 1-0: Called Strike 1-1: Swinging Strike 1-2: Ball 2-2: Ball 3-2: Foul Ball, location: 2F 3-2: Foul Ball, location: 2F 3-2: Foul Ball, location: 2F 3-2: Foul Ball, location: 2F 3-2: Base on Balls
|
Batting: RHB Chris Osting
|
0-0: Foul Ball, location: 2F 0-1: Foul Ball, location: 2F 0-2: Ball 1-2: Strikes out swinging
|
Top of the 7th over - 2 runs, 2 hits, 0 errors, 2 left on base; Grand Junction 10 - Kingsport 17 |
BOTTOM OF THE 7TH |
Kingsport Mets batting - Pitching for Grand Junction Rockies : LHP Josh Alvarez
|
Now in CF: Zakhar Edelman
|
|
Now in RF: Daniel Green
|
|
Batting: LHB Dan Bremseth
|
0-0: Called Strike 0-1: Ball 1-1: Ball 2-1: Foul Ball, location: 2F 2-2: Ball 3-2: Foul Ball, location: 2F 3-2: Foul Ball, location: 2F 3-2: Base on Balls
|
Pinch Hitting: RHB J.D. Brese
|
0-0: Ball Dan Bremseth steals 2nd base 1-0: Called Strike 1-1: Swinging Strike 1-2: Ball 2-2: 2-RUN HOME RUN (Flyball, 7LD, EV 93.1 MPH), Distance : 343 ft
|
Batting: RHB Jake Geib
|
0-0: Called Strike 0-1: Ball 1-1: SOLO HOME RUN (Flyball, 7D, EV 95.6 MPH), Distance : 368 ft
|
Pitching: RHP Jim Crooks
|
|
Batting: SHB Jerry Burrows
|
0-0: Ball 1-0: Foul Ball, location: 2F 1-1: Ball 2-1: Swinging Strike 2-2: Foul Ball, location: 2F 2-2: SINGLE (Flyball, 89S, EV 87.5 MPH)
|
Batting: RHB Larry Shoop
|
0-0: Foul Ball, location: 2F 0-1: Foul Ball, location: 2F 0-2: 2-RUN HOME RUN (Flyball, 7LD, EV 95.6 MPH), Distance : 341 ft
|
Batting: SHB Keith Casner
|
0-0: Ball 1-0: Ball 2-0: Fly out, F4 (Flyball, 34D, EV 86.9 MPH)
|
Batting: RHB Sam Callahan
|
0-0: Ball 1-0: Called Strike 1-1: Swinging Strike 1-2: Ball 2-2: Ball 3-2: Foul Ball, location: 2F 3-2: Base on Balls
|
Pitching: LHP Jason Ryan
|
|
Batting: RHB Michael Youngberry
|
0-0: Called Strike 0-1: Ball 1-1: Ball 2-1: Ball 3-1: Foul Ball, location: 2F 3-2: Fielders Choice at 2nd, 3-6 (Groundball, 34, EV 104.4 MPH)
|
Batting: SHB Nick Daigle
|
0-0: Called Strike 0-1: Ball 1-1: Ground out 6-3 (Groundball, 56D, EV 107.5 MPH)
|
Bottom of the 7th over - 5 runs, 4 hits, 0 errors, 1 left on base; Grand Junction 10 - Kingsport 22 |
TOP OF THE 8TH |
Grand Junction Rockies batting - Pitching for Kingsport Mets : LHP Jesus Espitia
|
Now at 1B: J.D. Brese
|
|
Batting: RHB Ray Insley
|
0-0: Ball 1-0: Ground out 5-3 (Groundball, 56, EV 92.5 MPH)
|
Batting: RHB T.J. Williams
|
0-0: Ball 1-0: Fly out, F7 (Flyball, 7D, EV 97.5 MPH)
|
Batting: RHB Matviy Oliynyk
|
0-0: Ball 1-0: Called Strike 1-1: Swinging Strike 1-2: Ball 2-2: Ball 3-2: Strikes out looking
|
Top of the 8th over - 0 runs, 0 hits, 0 errors, 0 left on base; Grand Junction 10 - Kingsport 22 |
BOTTOM OF THE 8TH |
Kingsport Mets batting - Pitching for Grand Junction Rockies : LHP Jason Ryan
|
Batting: LHB Dan Bremseth
|
0-0: Called Strike 0-1: Ground out 6-3 (Groundball, 6, EV 101.2 MPH)
|
Batting: RHB J.D. Brese
|
0-0: Called Strike 0-1: Foul Ball, location: 2F 0-2: Ball 1-2: Ball 2-2: Ball 3-2: Foul Ball, location: 2F 3-2: Foul Ball, location: 2F 3-2: Foul Ball, location: 2F 3-2: Base on Balls
|
Batting: RHB Jake Geib
|
0-0: Called Strike 0-1: Foul Ball, location: 2F 0-2: Ball 1-2: Strikes out swinging
|
Batting: SHB Jerry Burrows
|
0-0: Foul Ball, location: 2F 0-1: Foul Ball, location: 2F 0-2: Ball 1-2: Foul Ball, location: 2F 1-2: Ball 2-2: Strikes out swinging
|
Bottom of the 8th over - 0 runs, 0 hits, 0 errors, 1 left on base; Grand Junction 10 - Kingsport 22 |
TOP OF THE 9TH |
Grand Junction Rockies batting - Pitching for Kingsport Mets : LHP Jesus Espitia
|
Batting: RHB Willie Benito
|
0-0: Ball 1-0: Ball 2-0: Ball 3-0: Called Strike 3-1: Base on Balls
|
Batting: RHB Zakhar Edelman
|
0-0: Foul Ball, location: 2F 0-1: Foul Ball, location: 2F 0-2: Ball 1-2: Strikes out swinging
|
Pitching: LHP Tony Diaz
|
|
Batting: SHB Justin Jackson
|
0-0: Foul Ball, location: 2F 0-1: Foul Ball, location: 2F 0-2: Strikes out swinging
|
Batting: RHB Yamashita Yagi
|
0-0: Called Strike 0-1: Foul Ball, location: 2F 0-2: Ball 1-2: Foul Ball, location: 2F 1-2: Foul Ball, location: 2F 1-2: Ball 2-2: Fly out, F7 (Flyball, 7D, EV 98.8 MPH)
|
Top of the 9th over - 0 runs, 0 hits, 0 errors, 1 left on base; Grand Junction 10 - Kingsport 22 |
|